 Dungeon Sprint DCSS version 0.28.0-43-g3370ac3207 (webtiles) character file.

Game seed: 14714539974990896904

22 boopmooplesden the Chopper (level 2, -8/29 HPs)
             Began as a Minotaur Berserker on Mar 30, 2022.
             Was a Believer of Trog.
             Mangled by a wolf (10 damage)
             ... in the Dungeon (Sprint III: "The Ten Rune Challenge").
             The game lasted 00:00:16 (220 turns).

boopmooplesden the Chopper (Minotaur Berserker)      Turns: 220, Time: 00:00:17

Health: -8/29      AC:  2    Str: 21    XL:     2   Next: 68%
Magic:  1/1        EV: 12    Int:  4    God:    Trog [**....]
Gold:   0          SH:  0    Dex:  9    Spells: 1/1 levels left

rFire   . . .      SeeInvis .   a - +0 hand axe
rCold   . . .      Faith    .   (no shield)
rNeg    . . .      Spirit   .   b - +0 animal skin
rPois   .          Reflect  .   (helmet restricted)
rElec   .          Harm     .   (no cloak)
rCorr   .          Rampage  .   (no gloves)
Will    .....      NoTele   +   (no boots)
Stlth   +.........              (no amulet)
HPRegen 0.09/turn               (no ring)
MPRegen 0.07/turn               (no ring)

@: no status effects
A: horns 2, retaliatory headbutt
a: Renounce Religion, Berserk, Trog's Hand


You were in the Dungeon.
You worshipped Trog.
Trog was pleased with you.
You visited 1 branch

Inventory:

Hand Weapons
 a - a +0 hand axe (weapon)
Armour
 b - a +0 animal skin (worn)
Scrolls
 h - a scroll of blinking
Potions
 c - a potion of curing
 d - a potion of heal wounds
 e - a potion of haste
 f - 2 potions of magic
 g - a potion of berserk rage


   Skills:
 + Level 5.3 Fighting
 + Level 5.8 Axes
 + Level 3.0 Armour
 + Level 2.8 Dodging


You had one spell level left.
You didn't know any spells.
Your spell library was empty.

Dungeon Overview and Level Annotations

Branches:
Dungeon (1/1)

Altars:


Innate Abilities, Weirdness & Mutations

You have a pair of horns on your head.
You reflexively headbutt those who attack you in melee.


Message History

The human hits you!
* * * LOW HITPOINT WARNING * * *
You slash the human!
You kill the human!
Trog accepts your kill.
Your Fighting skill increases to level 5!
Your Axes skill increases to level 5!
Your Armour skill increases to level 3!
You have reached level 2!
Unknown command.
You feel a strong urge to attack something.
You are no longer berserk.
You are exhausted.
You feel yourself slow down.
You start resting.
You feel yourself speed up.
You start resting.
You recover from your berserk rage.
You start resting.
You start resting.
You start resting.
A wolf comes into view.
The wolf howls!
The wolf barely misses you.
You closely miss the wolf. The wolf bites you. x2
You closely miss the wolf. The wolf closely misses you. x2
You closely miss the wolf. The wolf misses you. The wolf barely misses you.
You hit the wolf but do no damage.
You headbutt the wolf, but do no damage.
The wolf bites you!
* * * LOW HITPOINT WARNING * * *
You barely miss the wolf. The wolf closely misses you. The wolf misses you.
You closely miss the wolf. Your punch misses the wolf.
The wolf closely misses you. You furiously retaliate!
You headbutt the wolf, but do no damage.
The wolf bites you.
* * * LOW HITPOINT WARNING * * *
You hit the wolf.
The wolf is lightly wounded.
The wolf bites you!
You die...

▓▓▓▓ ▓▓▓▓▓▓ ▓<.#
+....♣♣♣ ▓..#
#......♣
▓#'####......♣
▓.....#....≈♣
▓.....#...≈≈♣♣♣♣♣
▓....|#h.≈≈≈≈...♣
▓####'#@.≈≈≈≈≈≈♣♣.
▓(....#.≈≈≈≈≈≈....
▓...†.#.≈≈≈≈≈.....
▓.....#.≈≈≈.......
▓'#####...........
▓..........†......
▓▓▓▓▓▓▓▓▓▓▓▓▓▓▓▓▓▓


You could see a wolf.

Vanquished Creatures
  A human (D)
  2 endoplasms (D)
  2 rats (D)
5 creatures vanquished.

Notes
Turn   | Place    | Note
-------+----------+-------------------------------------------
     0 | D        | boopmooplesden the Minotaur Berserker began the quest for
                  | the Orb.
     0 | D        | Reached XP level 1. HP: 19/19 MP: 0/0
    15 | D        | Reached ** piety under Trog
    38 | D        | Reached skill level 5 in Fighting
    38 | D        | Reached skill level 5 in Axes
    38 | D        | Reached XP level 2. HP: 5/29 MP: 1/1
   220 | D        | Mangled by a wolf

Illustrated notes

Levels and vault maps discovered:
D:        dungeon_sprint_mu [sprint_mu_entry_forest, sprint_mu_temple_rooms,
          sprint_mu_d1_horrors, sprint_mu_d2_genie, sprint_mu_d3_branching,
          sprint_mu_orc_legion, sprint_mu_elf_gauntlet, sprint_mu_hive_nellie,
          sprint_mu_lair_fedhas, sprint_mu_vaults_butterflies,
          sprint_mu_slime_circle, sprint_mu_shoals_archi,
          sprint_mu_snake_twists, sprint_mu_blade_basic,
          sprint_mu_crypt_chambers, sprint_mu_tomb_spiral,
          sprint_mu_vestibule_basic, sprint_mu_gehenna_hellfire,
          sprint_mu_dis_giant, sprint_mu_tartarus_statrot,
          sprint_mu_cocytus_islands, sprint_mu_zot1]

Skill      XL: |  1 |
---------------+----+-----
Fighting       | 5 |  5.3
Axes           | 5 |  5.8
Armour         | 3 |  3.0
Dodging        | |  2.8

Action                   || total
-------------------------++-------
Melee: Hand axe          ||    20
       Punch             ||     1
       Headbutt          ||     1
Invok: Berserk           ||     1
Armor: Animal skin       ||     2
Dodge: Dodged            ||    15
